 Dungeon Crawl Stone Soup version 0.27.1 (webtiles) character file.

Game seed: 14754205915438008921

3 Kangaroobicon the Insei (level 1, 0/15 HPs)
             Began as a Merfolk Transmuter on Aug 28, 2021.
             Frozen to death by an endoplasm (4 damage)
             ... on level 1 of the Dungeon.
             The game lasted 00:03:37 (185 turns).

Kangaroobicon the Insei (Merfolk Transmuter)         Turns: 185, Time: 00:03:38

Health: 0/15       AC:  2    Str: 10    XL:     1   Next: 50%
Magic:  3/3        EV: 12    Int: 12    God:
Gold:   38         SH:  0    Dex: 14    Spells: 3/4 levels left

rFire    . . .     SeeInvis .     - Unarmed
rCold    . . .     Faith    .   (no shield)
rNeg     . . .     Spirit   .   a - +0 robe
rPois    .         Reflect  .   (no helmet)
rElec    .         Harm     .   (no cloak)
rCorr    .         Rampage  .   (no gloves)
Will     .....                  (no boots)
Stlth    +.........             (no amulet)
HPRegen  0.05/turn              (no ring)
MPRegen  0.08/turn              (no ring)

@: no status effects
A: (nimble swimmer 2), mertail
a: no special abilities


You were on level 1 of the Dungeon.
You visited 1 branch of the dungeon, and saw 1 of its levels.

You collected 38 gold pieces.

Inventory:

Armour
 a - a +0 robe (worn)
Scrolls
 c - a scroll of blinking {unknown}
 d - a scroll of enchant weapon {unknown}
Potions
 b - a potion of flight {unknown}


   Skills:
 + Level 1.1 Fighting
 + Level 2.7 Dodging
 + Level 3.3 Unarmed Combat
 + Level 2.0 Spellcasting
 + Level 2.9 Transmutations


You had 3 spell levels left.
You knew the following spells:

 Your Spells              Type           Power      Damage    Failure   Level
a - Beastly Appendage     Tmut           16%        N/A       9%          1

Your spell library contained the following spells:

 Spells                   Type           Power      Damage    Failure   Level
 Wereblood                Tmut           8%         N/A       12%         2
 Spider Form              Tmut/Pois      2%         N/A       41%         3
 Ice Form                 Ice/Tmut       4%         N/A       83%         4


Dungeon Overview and Level Annotations

Branches:
Dungeon (1/15)

Altars:


Innate Abilities, Weirdness & Mutations

((You are quick and stealthy near water. (Stealth+, EV+, Speed+++)))
Your lower body shifts to a powerful aquatic tail in water.


Message History

The bat is severely wounded.
The bat hits you. The bat barely misses you. The bat barely misses you.
You miss the bat.
The bat is severely wounded.
The bat misses you.
You completely miss the bat.
The bat is severely wounded.
The bat barely misses you.
You hit the bat.
You kill the bat!
You see here a bat corpse.
Found a stone staircase leading down.
An endoplasm comes into view.
Found a scroll labelled XOENOMAAPPI.
Casting: Beastly Appendage (safe; 9% risk of failure)
Press: ? - help, Q - select action Dir - look around, f - activate You grow a pair of large bovine horns.
Your transformation is almost over.
The helpless endoplasm fails to defend itself.
You hit the endoplasm but do no damage. The endoplasm hits you.
You barely miss the endoplasm. The endoplasm hits you.
You completely miss the endoplasm. You headbutt the endoplasm.
The endoplasm is heavily wounded.
You hit the endoplasm.
You kill the endoplasm!
d - a scroll labelled XOENOMAAPPI Your horns disappear.
An endoplasm comes into view.
The endoplasm quivers.
The endoplasm moves out of view.
The endoplasm freezes you.
You are frozen.
* * * LOW HITPOINT WARNING * * *
You hit the endoplasm.
The endoplasm is severely wounded.
The endoplasm freezes you.
You are frozen.
You die...

#.###...#.###.###.#.# .
#........## #.#...## #.
........## ##..##.###.#
###.###..## ##...###.#.##
... ##.#.###............
##..##...#.#.#..#####.###
#.....#....##...## #.#
.#.#..........†#.###.#
......J@....##.##.##.#
.#.#.#.....###.###.#.#
...###....# #..†....# .#
#....# #####.###
#.####...#.## ##.##
..........#.###.##
.........#.#...## #.#
##....###### ####
######.# ###.## #...


You could see an endoplasm.

Vanquished Creatures
  An endoplasm (D:1)
  A ball python (D:1)
  2 bats (D:1)
4 creatures vanquished.

Notes
Turn   | Place    | Note
-------+----------+-------------------------------------------
     0 | D:1      | Kangaroobicon the Merfolk Transmuter began the quest for
                  | the Orb.
     0 | D:1      | Reached XP level 1. HP: 15/15 MP: 3/3
   185 | D:1      | Frozen to death by an endoplasm

Illustrated notes

Levels and vault maps discovered:
D:1:      evilmike_arrival_fibonacci_small, layout_loops_ring,
          ebering_ecumenical_altar_abandoned, minmay_box_of_dots

Action                   || total
-------------------------++-------
Melee: Unarmed           ||    18
       Headbutt          ||     1
 Cast: Beastly Appendage ||     1
 Stab: Sleeping          ||     1
Armor: Robe              ||     6
Dodge: Dodged            ||    14
